 Dungeon Crawl Stone Soup version 0.21.1-1-g345015f (webtiles) character file.

1418 zaxin the Magician (level 8, -9/52 HPs)
             Began as a Mummy Fire Elementalist on June 9, 2018.
             Was a Follower of Vehumet.
             Mangled by a brown ugly thing (12 damage)
             ... on level 6 of the Dungeon.
             The game lasted 00:30:25 (12370 turns).

zaxin the Magician (Mummy Fire Elementalist)       Turns: 12370, Time: 00:30:26

Health: -9/52      AC:  5    Str: 11    XL:     8   Next: 43%
Magic:  11/19      EV: 12    Int: 17    God:    Vehumet [*.....]
Gold:   367        SH:  0    Dex: 12    Spells: 14/22 levels left

rFire    . . .     SeeInvis .   p - +4 quarterstaff (chaos)
rCold    + . .     Gourm    .   (shield currently unavailable)
rNeg     + + +     Faith    .   a - +0 robe
rPois    ∞         Spirit   .   f - +1 helmet
rElec    .         Reflect  .   q - +0 cloak {+Inv}
rCorr    .         Harm     .   u - +0 pair of gloves
MR       +....                  (no boots)
Stlth    ++........             (no amulet)
HPRegen  0.17/turn              c - ring of protection from fire
MPRegen  0.16/turn              e - +3 ring of protection

@: corroded
A: no food or potions, fire vulnerability, cold resistance 1, negative energy
resistance 3, torment resistance, unbreathing
a: Renounce Religion, Evoke Invisibility


You were on level 6 of the Dungeon.
You worshipped Vehumet.
Vehumet was aware of your devotion.
You were not hungry.

You visited 2 branches of the dungeon, and saw 7 of its levels.

You collected 367 gold pieces.

Inventory:

Hand Weapons
 p - a +4 quarterstaff of chaos (weapon)
Armour
 a - a +0 robe (worn)
 f - a +1 helmet (worn)
 q - a +0 cloak of invisibility (worn)
 u - a +0 pair of gloves (worn)
Jewellery
 c - a ring of protection from fire (left hand)
 e - a +3 ring of protection (right hand)
 h - an uncursed ring of stealth {unknown}
Wands
 n - a wand of digging (19)
 o - a wand of random effects (27)
 r - a wand of paralysis (14)
Scrolls
 d - 2 scrolls of fear {unknown}
 g - 4 scrolls of amnesia {unknown}
 i - 4 scrolls of identify {unknown}
 j - 7 scrolls of remove curse {unknown}
 k - 3 scrolls of teleportation {unknown}
 l - 3 scrolls of enchant weapon {unknown}
 m - a scroll of enchant armour {unknown}
 s - a scroll of immolation {unknown}
 t - 4 scrolls of random uselessness {unknown}
 v - a scroll of magic mapping {unknown}
Books
 b - a book of Flames

   Spells                             Type                      Level
   a - Flame Tongue                   Conjuration/Fire             1
   b - Throw Flame                    Conjuration/Fire             2
   c - Conjure Flame                  Conjuration/Fire             3
   d - Inner Flame                    Hexes/Fire                   3
   e - Sticky Flame                   Conjuration/Fire             4
   f - Fireball                       Conjuration/Fire             5


   Skills:
 - Level 2.2 Dodging
 + Level 3.0 Stealth
 - Level 0.4 Unarmed Combat
 * Level 7.9 Spellcasting
 * Level 4.0 Conjurations
 + Level 4.6 Fire Magic
 * Level 2.1 Evocations


You had 14 spell levels left.
You knew the following spells:

 Your Spells              Type           Power        Failure   Level  Hunger
a - Flame Tongue          Conj/Fire      ###..        1%          1    N/A
b - Throw Flame           Conj/Fire      ###...       2%          2    N/A
c - Fireball              Conj/Fire      ###.......   43%         5    N/A

Dungeon Overview and Level Annotations

Branches:
Dungeon (6/15)             Temple (1/1) D:4

Altars:
Ashenzari
Cheibriados
Dithmenos
Elyvilon
Fedhas
Hepliaklqana
Makhleb
Okawaru
Qazlal
Ru
Trog
Uskayaw
Vehumet
Wu Jian
Xom
Zin
The Shining One

Shops:
D:6 =(


Innate Abilities, Weirdness & Mutations

You do not eat or drink.
Your flesh is vulnerable to fire.
You are immune to poison.
Your flesh is cold resistant. (rC+)
You are immune to negative energy. (rN+++)
You are immune to unholy pain and torment.
You can survive without breathing.


Message History

You are splashed with acid!
The acid burns!
* * * LOW HITPOINT WARNING * * *
Casting: Flame Tongue
Confirm with . or Enter, or press ? or * to list all spells.
Aiming: Flame Tongue
Press: ? - help, Shift-Dir - straight line, f/p - brown ugly thing
Aim: a brown ugly thing (lightly wounded)
The flame tongue hits the brown ugly thing.
The brown ugly thing is lightly wounded.
The brown ugly thing engulfs you but does no damage.
Casting: Flame Tongue
Confirm with . or Enter, or press ? or * to list all spells.
Aiming: Flame Tongue
Press: ? - help, Shift-Dir - straight line, f/p - brown ugly thing
Aim: a brown ugly thing (lightly wounded)
The flame tongue hits the brown ugly thing.
The brown ugly thing appears unharmed.
The brown ugly thing is lightly wounded.
The brown ugly thing engulfs you!
You die...

#####.# #.#
#.# #.# #.#
#.# #.#
#.### #.#
#..<# #.#
#.(.# #.#
#...# #.#
##.## ###.#
#@# ##.#.#
#u# ##.#..#
#.#
##.###.##
#.# ###.##
##.####.#
#..##
##.....#
#÷#.##
##.######
#)##.###.##
###.###.#.##


You could see a brown ugly thing.

Vanquished Creatures
  The ghost of Elysium the Digger, a novice DEEE of Vehumet (D:5)
  A phantom (D:4)
  An ogre (D:6)
  2 scorpions
  A howler monkey (D:6)
  A bullfrog zombie (D:5)
  A centaur zombie (D:5)
  A crimson imp (D:5)
  A quasit (D:6)
  3 hounds
  3 iguanas (D:6)
  Crazy Yiuf (D:2)
  A centaur skeleton (D:5)
  Jessica (D:2)
  2 orc wizards (D:4)
  Natasha (thrice) (D:2)
  6 worker ants
  A hound zombie (D:3)
  A worker ant zombie (D:6)
  7 adders
  2 shadow imps
  An ooze (D:2)
  An adder skeleton (D:4)
  3 worms
  2 dart slugs
  7 leopard geckos
  9 orcs
  6 bats
  3 giant cockroaches
  7 hobgoblins
  16 jackals
  A quokka (D:2)
  2 ball pythons
  6 frilled lizards
  7 goblins
  5 kobolds
  A quokka skeleton (D:4)
  4 rats
122 creatures vanquished.

Notes
Turn   | Place    | Note
-------+----------+-------------------------------------------
     0 | D:1      | zaxin the Mummy Fire Elementalist began the quest for the Orb.
     0 | D:1      | Reached XP level 1. HP: 13/13 MP: 4/4
    52 | D:1      | Reached skill level 1 in Conjurations
   680 | D:1      | Reached XP level 2. HP: 19/19 MP: 3/5
   862 | D:1      | Reached skill level 3 in Spellcasting
  1072 | D:1      | Reached XP level 3. HP: 24/24 MP: 2/7
  1621 | D:2      | Reached XP level 4. HP: 30/30 MP: 1/9
  1723 | D:2      | Noticed Jessica
  1728 | D:2      | Killed Jessica
  1728 | D:2      | Reached skill level 4 in Spellcasting
  1836 | D:2      | Noticed Natasha
  1842 | D:2      | Killed Natasha
  2000 | D:2      | Found a runed door.
  2162 | D:2      | Noticed Natasha
  2211 | D:2      | Killed Natasha
  2211 | D:2      | Reached XP level 5. HP: 33/35 MP: 2/11
  2413 | D:2      | Noticed Natasha
  2426 | D:2      | Killed Natasha
  2754 | D:2      | Noticed Crazy Yiuf
  2759 | D:2      | Killed Crazy Yiuf
  2759 | D:2      | Reached skill level 5 in Spellcasting
  6219 | D:3      | Learned a level 2 spell: Throw Flame
  6613 | D:3      | Found a burning altar of Makhleb.
  6934 | D:3      | Reached XP level 6. HP: 41/41 MP: 8/13
  7648 | D:4      | Found a staircase to the Ecumenical Temple.
  7656 | Temple   | Entered the Ecumenical Temple
  8310 | Temple   | Became a worshipper of Vehumet
  8686 | D:4      | Found a stormy altar of Qazlal.
  9195 | D:4      | Reached skill level 6 in Spellcasting
  9195 | D:4      | Reached skill level 1 in Evocations
  9195 | D:4      | Reached XP level 7. HP: 33/46 MP: 1/16
  9872 | D:4      | Found a white marble altar of Elyvilon.
 10023 | D:5      | Entered Level 5 of the Dungeon
 10977 | D:5      | Found a shadowy altar of Dithmenos.
 11065 | D:5      | Noticed Elysium's ghost (novice DEEE)
 11108 | D:6      | Reached * piety under Vehumet
 11108 | D:6      | Offered knowledge of Sting by Vehumet.
 11108 | D:6      | Reached skill level 7 in Spellcasting
 11496 | D:6      | Found Puvoam's Weapon Emporium.
 11657 | D:6      | Noticed a brown ugly thing
 11821 | D:5      | Killed Elysium's ghost
 11821 | D:5      | Reached XP level 8. HP: 47/52 MP: 7/19
 11899 | D:5      | Learned a level 5 spell: Fireball
 12221 | D:6      | Found Zemeopou's Jewellery Boutique.
 12370 | D:6      | Mangled by a brown ugly thing

Skill      XL: |  1  2  3  4  5  6  7  8 |
---------------+-------------------------+-----
Conjurations   | 1 2 3 4 |  4.0
Spellcasting   | 3 4 5 6 7 |  7.9
Fire Magic     | 3 4 |  4.6
Stealth        | 2 3 |  3.0
Dodging        | 2 |  2.2
Evocations     | 1 2 |  2.1
Unarmed Combat | |  0.4

Action                   |  1- 3 |  4- 6 |  7- 9 || total
-------------------------+-------+-------+-------++-------
Melee: Unarmed           |    15 |       |       ||    15
       Quarterstaff      |       |    10 |     9 ||    19
 Cast: Flame Tongue      |    54 |   146 |   119 ||   319
       Throw Flame       |       |    33 |    36 ||    69
 Stab: Sleeping          |       |     1 |       ||     1
Armor: Robe              |    21 |    33 |    40 ||    94
Dodge: Dodged            |    41 |    47 |    46 ||   134
